 Dungeon Crawl Stone Soup version 0.31-a0-426-g3a05650e59 (webtiles) character file.

Game seed: 14078003099660186930

14 Ofeo the Stinger (level 2, -2/23 HPs)
             Began as a Djinni Warper on July 30, 2023.
             Frozen to death by an endoplasm (6 damage)
             ... on level 1 of the Dungeon.
             The game lasted 00:01:07 (503 turns).

Ofeo the Stinger (Djinni Warper)                     Turns: 503, Time: 00:01:08

Health: -2/23      AC:  3    Str: 10    XL:     2   Next: 55%
Gold:   16         EV: 11    Int: 14    God:
                   SH:  0    Dex: 12

rFire   + + .        a - +0 falchion
rCold   x . .        (no shield)
rNeg    . . .        b - +0 leather armour
rPois   ∞            (no helmet)
rElec   .            (no cloak)
rCorr   .            (no gloves)
SInv    .            (boots unavailable)
Will    .....        (no amulet)
Stlth   +            (no ring)
HPRegen 0.23/turn    (no ring)
MPRegen 0.00/turn

%: infuse magic (-3 HP)
@: flying
A: sickness immunity, fire resistance 2, cold vulnerability 1, float, innate
caster, HP casting, extra vitality 1
a: no special abilities


You were on level 1 of the Dungeon.
You visited 1 branch of the dungeon, and saw 1 of its levels.

You collected 16 gold pieces.

Inventory:

Hand Weapons
 a - a +0 falchion (weapon)
Missiles
 d - 7 darts of dispersal (quivered)
Armour
 b - a +0 leather armour (worn)
Scrolls
 c - a scroll of blinking {@r4}
Potions
 e - a potion of degeneration {unknown}


   Skills:
 + Level 2.1 Fighting
 + Level 1.9 Long Blades
 + Level 0.9 Throwing
 + Level 1.1 Armour
 + Level 2.3 Dodging
 + Level 2.8 Spellcasting
 + Level 2.8 Conjurations
 + Level 2.8 Hexes
 + Level 2.8 Summonings
 + Level 2.8 Necromancy
 + Level 2.8 Translocations
 + Level 2.8 Transmutations
 + Level 2.8 Fire Magic
 + Level 2.8 Ice Magic
 + Level 2.8 Air Magic
 + Level 2.8 Earth Magic
 + Level 2.8 Poison Magic


You knew the following spells:

 Your Spells              Type           Power      Damage    Failure   Level
a - Blink                 Tloc           20%        N/A       14%         2
b - Lesser Beckoning      Tloc           20%        N/A       14%         2
c - Vhi's Electric Charg  Tloc/Air       20%        N/A       28%         3
d - Teleport Other        Tloc           10%        N/A       28%         3
e - Manifold Assault      Tloc           10%        N/A       67%         4
Your spell library was empty.

Dungeon Overview and Level Annotations

Branches:
Dungeon (1/15)

Altars:


Innate Abilities, Weirdness & Mutations

You are immune to sickness and miasma.
You are immune to poison.
Your flesh is very heat resistant. (rF++)
You are vulnerable to cold. (rC-)
You float through the air rather than walking.
You learn spells naturally, not from books.
Your magical power is your life essence.
You have superior vitality. (+4 MHP)


Message History

You take 4 damage, and have 19/23 hp.
You hit the quokka.
The quokka is severely wounded.
The quokka closely misses you. The endoplasm hits you.
You take 1 damage, and have 18/23 hp.
You closely miss the quokka.
The quokka is heavily wounded.
The quokka closely misses you. The endoplasm freezes you.
You are frozen.
You feel a terrible chill!
You take 4 damage, and have 14/23 hp.
You hit the quokka but do no damage.
The quokka is heavily wounded.
The quokka misses you.
The endoplasm hits you but does no damage.
The quokka bites you but does no damage.
You barely miss the quokka.
The quokka is moderately wounded.
The quokka bites you. The endoplasm freezes you.
You are frozen!
You feel a terrible chill!
You take 8 damage, and have 7/23 hp.
MASSIVE DAMAGE!!
You are too injured to fight recklessly!
You are too injured to fight recklessly!
You are too injured to fight recklessly!
You are too injured to fight recklessly!
You are too injured to fight recklessly!
You are too injured to fight recklessly!
The quokka attacks as you move away! The quokka bites you.
* * * LOW HITPOINT WARNING * * *
The quokka misses you.
You take 1 damage, and have 6/23 hp.
You hit the endoplasm.
The endoplasm is almost dead.
The endoplasm freezes you.
You are frozen.
You feel a terrible chill!
* * * LOW HITPOINT WARNING * * *
The endoplasm freezes you.
You are frozen.
You feel a terrible chill!
You die...

...###.....###
.###.........# #####
##.............###.!..
.....................
........####...#...#
..###...# ###..#
######### #r.# ##...#
########J##
##...####.......@#
.................#
########.........# #
#.........# #
#.........# #
...........# #
............# #
............# #
....###+###.


You could see an endoplasm and a quokka.

Vanquished Creatures
  An endoplasm (D:1)
  2 goblins (D:1)
  2 jackals (D:1)
  3 kobolds (D:1)
  A quokka (D:1)
  A bat (D:1)
  2 rats (D:1)
12 creatures vanquished.

Notes
Turn   | Place    | Note
-------+----------+-------------------------------------------
     0 | D:1      | Ofeo the Djinni Warper began the quest for the Orb.
     0 | D:1      | Ofeo set off with the following spells memorised: Blink,
                  | Lesser Beckoning, Vhi's Electric Charge, Teleport Other,
                  | Manifold Assault.
     0 | D:1      | Reached XP level 1. HP: 18/18 MP: 0/0
   213 | D:1      | Reached XP level 2. HP: 18/23 MP: 0/0
   319 | D:1      | Found a faded altar of an unknown god.
   503 | D:1      | Frozen to death by an endoplasm

Illustrated notes

Levels and vault maps discovered:
D:1:      dpeg_arrival_rhombi, layout_basic, hellmonk_ecumenical_altar_zigzags

Action                     || total
---------------------------++-------
  Melee: Falchion          ||    42
         Punch             ||     1
 Armour: Leather armour    ||    15
  Dodge: Dodged            ||    29

Table legend: (Time is in decaauts)
 A = Elapsed time spent in this place.
 B = Non-inter-level travel time spent in this place.
 C = Inter-level travel time spent in this place.
 D = Time resting spent in this place.
 E = Time spent auto-exploring this place.
 F = Levels seen in this place.
 G = Mean time per level.
                   A        B        C        D        E       F      G
               +--------+--------+--------+--------+--------+-----+--------+
         Total |    511 |    498 |     13 |      0 |    395 |   1 |  511.0 |
       Dungeon |    511 |    498 |     13 |      0 |    395 |   1 |  511.0 |
               +--------+--------+--------+--------+--------+-----+--------+

Top non-repeatable levels by time:
     D:1: 511 daAuts
